 Dungeon Crawl Stone Soup version 0.29.1-2-gbd0b4ee654 (webtiles) character file.

Game seed: 8278040582983651047

77 Icepheonix32 the Ruffian (level 3, -3/28 HPs)
             Began as a Demigod Transmuter on Nov 7, 2022.
             Slain by a gnoll bouda
             ... wielding a +0 whip
              (10 damage)
             ... on level 2 of the Dungeon.
             The game lasted 00:02:12 (3205 turns).

Icepheonix32 the Ruffian (Demigod Transmuter)       Turns: 3205, Time: 00:02:14

Health: -3/28      AC:  2    Str: 15    XL:     3   Next: 91%
Magic:  6/9        EV: 12    Int: 15    God:
Gold:   60         SH:  0    Dex: 14    Spells: 0/6 levels left

rFire   . . .      SeeInvis .     - Unarmed
rCold   . . .      Faith    .   (no shield)
rNeg    . . .      Spirit   .   a - +0 robe
rPois   .          Reflect  .   (helmet currently unavailable)
rElec   .          Harm     .   (no cloak)
rCorr   .          Rampage  .   (no gloves)
Will    .....                   (boots currently unavailable)
Stlth   +.........              (no amulet)
HPRegen 0.09/turn               (no ring)
MPRegen 0.11/turn               (no ring)

@: appendages (expiring), weakened, wereblooded
A: horns 2, talons 2, high MP 1, forlorn, divine attributes
a: End Transformation


You were on level 2 of the Dungeon.
You had temporarily grown beastly horns and talons.
You visited 1 branch of the dungeon, and saw 2 of its levels.

You collected 60 gold pieces.

Inventory:

Armour
 a - a +0 robe (worn)
 f - a +0 helmet (melded)
Magical Staves
 i - a staff of earth
Scrolls
 c - a scroll of acquirement {unknown}
 d - a scroll of poison {unknown}
 e - 2 scrolls of identify {unknown}
 h - a scroll of amnesia {unknown}
 k - a scroll of brand weapon {unknown}
Potions
 b - a potion of lignification
 g - 2 potions of might {unknown}
 j - a potion of degeneration {unknown}


   Skills:
 + Level 1.0 Fighting
 + Level 2.2 Dodging
 - Level 0.3 Stealth
 - Level 3.0 Unarmed Combat
 + Level 2.4 Spellcasting
 * Level 2.8 Transmutations


You couldn't memorise any spells.
You knew the following spells:

 Your Spells              Type           Power      Damage    Failure   Level
a - Beastly Appendage     Tmut           20%        N/A       7%          1
b - Spider Form           Tmut/Pois      6%         N/A       34%         3
c - Wereblood             Tmut           10%        N/A       10%         2

Your spell library contained the following spells:

 Spells                   Type           Power      Damage    Failure   Level
 Sublimation of Blood     Necr           1%         N/A       32%         2
 Ice Form                 Ice/Tmut       6%         N/A       75%         4
 Blade Hands              Tmut           5%         N/A       88%         5
 Animate Armour           Summ/Erth      2%         N/A       91%         4
 Iron Shot                Conj/Erth      0%         9d1       100%        6
 Summon Hydra             Summ           0%         N/A       100%        7


Dungeon Overview and Level Annotations

Branches:
Dungeon (2/15)


Innate Abilities, Weirdness & Mutations

You have temporarily grown beastly horns and talons.
You have an increased reservoir of magic. (+10% MP)
You shall have no god before yourself.
Your divine heritage dramatically boosts your attributes as you level up.


Message History

Casting: Beastly Appendage (safe; 7% risk of failure)
Confirm with . or Enter, or press ? or * to list all spells.
The spell is extremely dangerous to miscast (34% risk of failure)!
Continue anyway?
Okay, then.
Casting: Spider Form (extremely dangerous; 34% risk of failure)
Confirm with . or Enter, or press ? or * to list all spells.
Your blood is infused with primal strength.
The gnoll bouda hits you with a +0 whip!
Unknown command.
You hit the gnoll bouda. You claw the gnoll bouda.
Your punch misses the gnoll bouda.
The gnoll bouda is moderately wounded.
You hit the gnoll bouda. You headbutt the gnoll bouda.
The gnoll bouda is severely wounded.
The gnoll bouda hits you with a +0 whip.
You hit the gnoll bouda. Your kick misses the gnoll bouda.
The gnoll bouda is almost dead.
The gnoll bouda gazes fiercely through you!
You feel your attacks grow feeble.
The gnoll bouda hits you with a +0 whip!
* * * LOW HITPOINT WARNING * * *
You barely miss the gnoll bouda.
You claw the gnoll bouda, but do no damage.
The gnoll bouda is almost dead.
The gnoll bouda gazes fiercely through you!
You feel as though you will be weak longer.
The gnoll bouda closely misses you.
You closely miss the gnoll bouda.
You claw the gnoll bouda, but do no damage.
The gnoll bouda is almost dead.
Your transformation is almost over.
The gnoll bouda misses you.
You hit the gnoll bouda but do no damage.
Your kick misses the gnoll bouda. Your headbutt misses the gnoll bouda.
The gnoll bouda is almost dead.
The gnoll bouda barely misses you.
You barely miss the gnoll bouda.
The gnoll bouda is almost dead.
The gnoll bouda hits you with a +0 whip!
You die...

#... #.. ##### #.g ##...# .g.
...#.# #.# ##...# #.# #...#
####g############+## ##.##
#...ggg@.......#...## ##.#
#.##.###.#####......## ##..#
#.##..# ##.....<.##
#...######.##.#...####.........#
.....................+.........+
#...######.####...#.##.........#
##..## # ##..#)###.......##
#.#.# ######.#.###......## ##..#
..............#...##


You could see a gnoll bouda and 3 gnolls.

Vanquished Creatures
  An adder (D:2)
  A worm (D:2)
  3 dart slugs
  7 ball pythons
  3 endoplasms
  A giant cockroach (D:1)
  2 goblins (D:2)
  8 hobgoblins
  6 jackals (D:1)
  6 quokkas
  3 bats
  2 frilled lizards
  5 kobolds
  4 rats
52 creatures vanquished.

Notes
Turn   | Place    | Note
-------+----------+-------------------------------------------
     0 | D:1      | Icepheonix32 the Demigod Transmuter began the quest for the
                  | Orb.
     0 | D:1      | Reached XP level 1. HP: 15/15 MP: 5/5
   320 | D:1      | Reached XP level 2. HP: 8/22 MP: 5/7
   325 | D:1      | Reached skill level 3 in Unarmed Combat
  1479 | D:1      | Reached XP level 3. HP: 25/27 MP: 7/9
  2536 | D:2      | Learned a level 3 spell: Spider Form
  2539 | D:2      | Learned a level 2 spell: Wereblood
  2808 | D:2      | Reached skill level 1 in Fighting
  3205 | D:2      | Slain by a gnoll bouda

Illustrated notes

Levels and vault maps discovered:
D:1:      sevenhm_arrival_forest_fort_large_2, layout_loops_corners,
          kennysheep_decorative_pillar, serial_bayou_pond_e
D:2:      layout_loops_corners, basic_altar, corexii_leaking_fountain

Skill      XL: |  1  2  3 |
---------------+----------+-----
Spellcasting   | 2 |  2.4
Transmutations | 2 |  2.8
Unarmed Combat | 3 |  3.0
Dodging        | 2 |  2.2
Fighting       | 1 |  1.0
Stealth        | |  0.3

Action                   || total
-------------------------++-------
Melee: Unarmed           ||   164
       Kick              ||    30
       Headbutt          ||    26
       Punch             ||     2
 Cast: Beastly Appendage ||    34
       Wereblood         ||     1
 Stab: Sleeping          ||     1
Armor: Robe              ||    18
Dodge: Dodged            ||   109
